 Dungeon Crawl Stone Soup version 0.31.0-12-g77e489cdc1 (webtiles) character file.

Game seed: 3501831107139831369

121715 Strat the Peltast (level 16, -3/125 HPs)
             Began as a Human Fighter on Feb 12, 2024.
             Was a High Priest of Okawaru.
             Slain by a fenstrider witch (14 damage)
             ... while paralysed by a fenstrider witch
             ... on level 3 of the Swamp.
             The game lasted 00:56:09 (25411 turns).

Strat the Peltast (Human Fighter)                  Turns: 25411, Time: 00:56:10

Health: -3/125     AC: 40    Str: 20    XL:     16   Next: 85%
Magic:  21/22      EV:  2    Int: 10    God:    Okawaru [*****.]
Gold:   1298       SH:  0    Dex: 27    Spells: 10/15 levels left

rFire   + + .        b - +7 hand cannon "Mule" {flame, backblast, rF+}
rCold   x . .        G - +0 kite shield
rNeg    . . .        f - +10 plate armour of Beyond {rF+ rCorr Dex+3}
rPois   +            N - +2 helmet {SInv}
rElec   .            p - +1 cloak {Will+}
rCorr   +            x - +2 pair of gloves of the Jolly Coins {Rampage Fly Str+4}
SInv    +            D - +2 pair of boots
Will    ++...        X - amulet of reflection Stlth
                     W - ring of poison resistance
HPRegen 0.40/turn    S - +6 ring of dexterity
MPRegen 0.18/turn

%: reflection, rampage
@: paralysed, heroic, flying, studying Throwing
A: explore regen, weak 1, cold vulnerability 1
a: Renounce Religion, Heroism, Finesse, Duel


You were on level 3 of the Swamp.
You worshipped Okawaru.
Okawaru was extremely pleased with you.
You visited 4 branches of the dungeon, and saw 25 of its levels.
You also visited: Ossuary and Gauntlet.

You collected 2294 gold pieces.
You spent 996 gold pieces at shops.

Inventory:

Hand Weapons
 b - the +7 hand cannon "Mule" (weapon) {flame, backblast, rF+}
   (You acquired it on level 5 of the Dungeon)

   rF+:       It protects you from fire.
 h - a +0 giant spiked club
 i - a +0 giant spiked club
 y - a +0 giant club
 C - a +0 giant club
 E - a +0 giant club
 F - a +0 giant club
 L - a +0 giant club
 M - a +0 giant spiked club
Missiles
 j - 10 darts of dispersal
 l - 3 curare-tipped darts
 r - 4 throwing nets
Armour
 f - the +10 plate armour of Beyond (worn) {rF+ rCorr Dex+3}
   (Okawaru gifted it to you on level 12 of the Dungeon)

   Dex+3:     It affects your dexterity (+3).
   rF+:       It protects you from fire.
   rCorr:     It protects you from acid and corrosion.
 p - a +1 cloak of willpower (worn)
 x - the +2 pair of gloves of the Jolly Coins (worn) {Rampage Fly Str+4}
   (You found it on level 4 of the Dungeon)

   Str+4:     It affects your strength (+4).
   Fly:       It grants you flight.
   Rampage:   It bestows one free step when moving towards enemies.
 D - a +2 pair of boots (worn)
 G - a +0 kite shield (worn)
 N - a +2 helmet of see invisible (worn)
Jewellery
 S - a +6 ring of dexterity (right hand)
 V - the ring of Atheism {rCorr AC+4}
   (You found it in a Gauntlet)

   [ring of protection]

   AC+4:      It affects your AC (+4).
   rCorr:     It protects you from acid and corrosion.
 W - a ring of poison resistance (left hand)
 X - an amulet of reflection (around neck)
 Y - a ring of positive energy
Wands
 a - a wand of polymorph (1)
 T - a wand of flame (30)
 U - a wand of acid (12)
Scrolls
 e - a scroll of enchant weapon
 g - 6 scrolls of identify
 m - 9 scrolls of teleportation
 n - 2 scrolls of immolation
 v - 4 scrolls of revelation
 w - a scroll of noise
 H - 2 scrolls of silence
 I - 3 scrolls of fog
 Q - 5 scrolls of poison
Potions
 c - a potion of attraction
 d - 2 potions of might
 k - a potion of ambrosia
 q - 3 potions of resistance
 s - 12 potions of curing
 t - 4 potions of magic
 u - 4 potions of lignification
 z - 7 potions of brilliance
 A - a potion of mutation
 J - 2 potions of cancellation
 K - 2 potions of enlightenment
Miscellaneous
 R - a tin of tremorstones (2/2)
 Z - a lightning rod (4/4)


   Skills:
 + Level 11.0(16.0) Fighting
 - Level 7.0(12.0) Maces & Flails
 + Level 14.4(19.4) Ranged Weapons
 - Level 10.0(15.0) Armour
 - Level 8.8(13.8) Dodging
 - Level 18.5(23.5) Shields
 - Level 8.0 Invocations


You had 10 spell levels left.
You knew the following spells:

 Your Spells              Type           Power      Damage    Failure   Level
a - Blink                 Tloc           0%         N/A       100%        2
b - Apportation           Tloc           0%         N/A       99%         1
c - Jinxbite              Hex            0%         N/A       100%        2

Your spell library contained the following spells:

 Spells                   Type           Power      Damage    Failure   Level
 Kiss of Death            Conj/Necr      0%         2d5       99%         1
 Magic Dart               Conj           0%         1d3       99%         1
 Shock                    Conj/Air       0%         1d3       99%         1
 Slow                     Hex            0%         N/A       99%         1
 Sting                    Conj/Alch      0%         1d3       99%         1
 Cigotuvi's Dreadful Rot  Necr/Alch/Air  0%         N/A       100%        2
 Ensorcelled Hibernation  Hex/Ice        0%         N/A       100%        2
 Lesser Beckoning         Tloc           0%         N/A       100%        2
 Mercury Vapours          Alch/Air       0%         N/A       100%        2
 Sublimation of Blood     Necr           0%         N/A       100%        2
 Confusing Touch          Hex            0%         N/A       100%        3
 Dazzling Flash           Conj/Hex       0%         N/A       100%        3
 Fugue of the Fallen      Necr           0%         N/A       100%        3
 Gell's Gravitas          Tloc           0%         N/A       100%        3
 Ozocubu's Armour         Ice            0%         N/A       100%        3
 Passwall                 Erth           0%         N/A       100%        3
 Sigil of Binding         Hex            0%         N/A       100%        3
 Stone Arrow              Conj/Erth      0%         3d7       100%        3
 Swiftness                Air            0%         N/A       100%        3
 Teleport Other           Tloc           0%         N/A       100%        3
 Vampiric Draining        Necr           0%         2d6       100%        3
 Volatile Blastmotes      Fire/Tloc      0%         2d10      100%        3
 Airstrike                Air            0%         2d(0-16)  100%        4
 Anguish                  Hex/Necr       0%         N/A       100%        4
 Cause Fear               Hex            0%         N/A       100%        4
 Dispel Undead            Necr           0%         3d6       100%        4
 Ignite Poison            Fire/Alch      0%         N/A       100%        4
 Leda's Liquefaction      Alch/Erth      0%         N/A       100%        4
 Manifold Assault         Tloc           0%         N/A       100%        4
 Olgreb's Toxic Radiance  Alch           0%         N/A       100%        4
 Alistair's Intoxication  Alch           0%         N/A       100%        5
 Arcjolt                  Conj/Air       0%         1d10      100%        5
 Fireball                 Conj/Fire      0%         3d3       100%        5
 Freezing Cloud           Conj/Ice/Air   0%         6-21      100%        5
 Lee's Rapid Deconstruct  Erth           0%         3d4*      100%        5
 Metabolic Englaciation   Hex/Ice        0%         N/A       100%        5
 Bombard                  Conj/Erth      0%         9d1       100%        6
 Starburst                Conj/Fire      0%         6d3       100%        6
 Enfeeble                 Hex            0%         N/A       100%        7
 Orb of Destruction       Conj           0%         9d5       100%        7
 Lehudib's Crystal Spear  Conj/Erth      0%         10d2      100%        8
 Maxwell's Capacitive Co  Air            0%         ∞         100%        8
 Summon Small Mammal      Summ           Unusable   N/A       N/A         1
 Call Imp                 Summ           Unusable   N/A       N/A         2
 Call Canine Familiar     Summ           Unusable   N/A       N/A         3
 Animate Armour           Summ/Erth      Unusable   N/A       N/A         4
 Summon Blazeheart Golem  Fire/Summ      Unusable   N/A       N/A         4
 Sculpt Simulacrum        Ice/Alch       Unusable   N/A       N/A         6
 Spellforged Servitor     Conj/Summ      Unusable   N/A       N/A         7
 Summon Hydra             Summ           Unusable   N/A       N/A         7
 Dragon's Call            Summ           Unusable   N/A       N/A         9

Dungeon Overview and Level Annotations

Branches:
Dungeon (15/15)            Temple (0/1) D:6            Lair (5/5) D:11
  Swamp (3/4) Lair:2        Snake (0/4) Lair:3        Slime (0/5) Lair:4
    Orc (2/2) D:9             Elf (0/3) Orc:2        Vaults (0/5) D:14
 Depths (0/4) D:15        Ossuary (visited)         Gauntlet (visited)

Altars:
Cheibriados
Dithmenos
Nemelex Xobeh
Okawaru
Ru
Sif Muna
Uskayaw
Vehumet
Yredelemnul
Zin
Jiyva

Shops:
D:4 *   D:7 [   D:15 ?   Orc:1 :?   Orc:2 [?[(

Annotations:
D:8 1 runed translucent door
D:10 exclusion: statue


Innate Abilities, Weirdness & Mutations

You regain HP and MP as you explore.
You are weak. (Str -2)
You are vulnerable to cold. (rC-)


Message History

The fenstrider witch partially resists.
The fenstrider witch is poisoned.
You shoot a bolt. The bolt hits the spriggan druid.
The bolt burns the spriggan druid.
The spriggan druid is lightly wounded.
Branches wave dangerously above you. A tree reaches out and hits you! x2
The fenstrider witch casts a spell at you.
You easily resist.
You are hit by a branch!
The spriggan druid misses you.
You rampage towards the fenstrider witch!
You shoot a bolt. The bolt hits the fenstrider witch!
The bolt burns the fenstrider witch.
The fenstrider witch is almost dead.
Trunks creak and shift.
A root smacks you from below!
* * * LOW HITPOINT WARNING * * *
The fenstrider witch casts a spell at you.
You suddenly lose the ability to move!
The spriggan druid hits you but does no damage.
The fenstrider witch points at you and mumbles some strange words.
Your body is wracked with pain!
* * * LOW HITPOINT WARNING * * *
The spriggan druid points at you and mumbles some strange words.
The stone arrow hits you but does no damage.
A root smacks you from below.
* * * LOW HITPOINT WARNING * * *
The fenstrider witch completely misses you.
The fenstrider witch kicks you.
* * * LOW HITPOINT WARNING * * *
The spriggan druid points at you and mumbles some strange words.
The stone arrow hits you.
* * * LOW HITPOINT WARNING * * *
A root smacks you from below!
* * * LOW HITPOINT WARNING * * *
The fenstrider witch casts a spell at you.
Your body is wracked with pain!
* * * LOW HITPOINT WARNING * * *
A tyrant leech comes into view.
The fenstrider witch hits you!
You die...

~~.. . #..~..
. #.~w♣. ..
.~..♣ ♣). #
..!♣♣
...#.♣~..
♣###..♣~.♣
.~....~.H♣
~♣♣♣♣♣i@♣♣
♣~..♣ ♣♣♣
♣♣~♣♣♣♣<♣♣♣♣♣.
♣..♣♣§..[..>.♣
♣.~.~~♣♣~~~~~~
♣.♣♣:~.♣
♣.~~.~ ♣.
♣♣~>♣ ♣~♣.. .~
♣~.♣♣ ♣♣ ♣ ♣.~
♣..~♣


You could see a fenstrider witch (poisoned), a tyrant leech (wandering) and a
spriggan druid.

Vanquished Creatures
  A tentacled monstrosity (Swamp:1)
  A fire giant (D:15)
  3 eleionomae
  Nessos (D:12)
  A minotaur (Gauntlet)
  2 bunyips (Swamp:1)
  Snorg (Orc:1)
  Fannar (Lair:3)
  8 hydras
  Harold (Orc:1)
  Erolcha (Orc:1)
  2 catoblepae
  An ogre mage (D:14)
  7 alligators
  3 ghost crabs
  4 centaur warriors
  A merfolk avatar (Lair:5)
  8 two-headed ogres
  3 boulder beetles
  A death scarab (Gauntlet)
  4 death yaks (Lair:5)
  5 orc high priests (Orc:2)
  Nergalle (D:12)
  5 skeletal warriors (D:14)
  4 goliath frogs
  A sea snake (Lair:5)
  2 skysharks
  4 spriggan druids
  2 swamp dragons
  An orc knight (Orc:1)
  2 lindwurms (D:14)
  4 bog bodies
  A deep elf archer (D:14)
  A deep elf zephyrmancer (D:14)
  A wolf spider (D:15)
  3 deep elf pyromancers
  2 orc sorcerers (Orc:2)
  2 will-o-the-wisps
  6 cyclopes
  10 ugly things (D:15)
  A salamander (Lair:3)
  A kobold blastminer (Orc:1)
  19 elephants
  8 black mambas
  Maggie (D:7)
  2 gargoyles
  A torpor snail (Lair:4)
  A black mamba (shapeshifter) (D:14)
  2 centaur skeletons (D:14)
  A yaktaur (D:13)
  16 cane toads
  Jeremiah (D:7)
  3 unseen horrors
  14 komodo dragons
  2 kobold demonologists (D:12)
  3 rime drakes
  10 tyrant leeches
  5 trolls
  2 bloated husks (Swamp:2)
  4 polar bears
  14 blink frogs
  2 wind drakes (Lair:5)
  A harpy skeleton (D:14)
  7 hornets
  A snapping turtle (Lair:5)
  19 dream sheep
  A spectral black mamba (Gauntlet)
  14 slime creatures
  2 shadows (D:11)
  4 spriggans
  2 wraiths (D:11)
  7 wyverns
  34 yaks
  4 basilisks
  7 vampire mosquitoes
  3 steam dragons
  5 wargs
  10 swamp worms
  Menkaure (Ossuary)
  23 water moccasins
  An acid dragon (D:10)
  Duvessa (D:7)
  15 orc warriors
  A swamp drake (Swamp:1)
  2 laughing skulls (D:15)
  A black bear (Lair:1)
  An ice beast (D:7)
  15 ogres
  18 wolves
  4 centaurs
  A phantom (D:6)
  3 kobold brigands
  12 bullfrogs
  3 gnoll sergeants
  2 scorpions
  10 wights
  Dowan (D:7)
  3 electric eels (Lair:3)
  5 howler monkeys
  4 vampire bats (D:14)
  3 lava snakes (Lair:3)
  35 orc priests
  6 jellies
  A gnoll bouda (D:7)
  2 hounds (D:5)
  8 iguanas
  22 orc wizards
  A boggart skeleton (D:14)
  4 hell rats (Lair:5)
  4 mummies
  17 adders
  22 gnolls
  3 white imps
  7 dart slugs
  4 ribbon worms
  67 orcs
  11 bats
  3 endoplasms
  2 giant cockroaches
  5 gnoll zombies (Ossuary)
  5 goblins
  6 hobgoblins
  2 jackals (D:1)
  A quokka (D:5)
  7 ball pythons
  11 frilled lizards
  4 gnoll skeletons (Ossuary)
  6 goblin skeletons (Ossuary)
  7 goblin zombies (Ossuary)
  3 hobgoblin skeletons (Ossuary)
  A hobgoblin zombie (Ossuary)
  16 kobolds
  4 kobold skeletons (Ossuary)
  5 kobold zombies
  4 orc skeletons (Ossuary)
  5 orc zombies
  3 rats
  4 rat skeletons (Ossuary)
  4 rat zombies (Ossuary)
798 creatures vanquished.

Vanquished Creatures (others)
  A hydra (Swamp:1)
  A blink frog (Lair:5)
  A dart slug (D:14)
  16 foxfires
19 creatures vanquished.

Grand Total: 817 creatures vanquished

Notes
Turn   | Place    | Note
-------+----------+-------------------------------------------
     0 | D:1      | Strat the Human Fighter began the quest for the Orb.
     0 | D:1      | Reached XP level 1. HP: 18/18 MP: 1/1
    65 | D:1      | Reached XP level 2. HP: 22/24 MP: 2/2
   332 | D:1      | Reached XP level 3. HP: 24/29 MP: 3/3
   386 | D:1      | Found a faded altar of an unknown god.
   386 | D:1      | Noticed a hell beast
   639 | D:2      | Reached XP level 4. HP: 21/35 MP: 4/4
  1232 | D:2      | Found a snail-covered altar of Cheibriados.
  1549 | D:3      | Reached skill level 5 in Maces & Flails
  1567 | D:3      | Reached XP level 5. HP: 39/41 MP: 5/5
  2160 | D:4      | Found Reoppon's Assorted Antiques.
  2554 | D:4      | Identified the +2 pair of gloves of the Jolly Coins
                  | {Rampage Fly Str+4}
  2836 | D:5      | Entered Level 5 of the Dungeon
  2887 | D:5      | Identified a scroll of acquirement
  2887 | D:5      | Acquired the +7 hand cannon "Mule" {flame, backblast, rF+}
  2887 | D:5      | Found the +7 hand cannon "Mule" {flame, backblast, rF+}
  2915 | D:5      | Reached XP level 6. HP: 45/47 MP: 6/6
  3003 | D:5      | Reached XP level 7. HP: 39/54 MP: 7/7
  3109 | D:5      | Reached skill level 5 in Fighting
  3169 | D:5      | Found a basalt altar of Yredelemnul.
  3250 | D:5      | Found a sand-covered staircase.
  3257 | Ossuary  | Entered an ossuary
  3560 | Ossuary  | Noticed Menkaure
  3561 | Ossuary  | Killed Menkaure
  3581 | Ossuary  | Reached XP level 8. HP: 65/65 MP: 8/8
  3994 | D:5      | Found a shadowy altar of Dithmenos.
  3997 | D:5      | Found an iron altar of Okawaru.
  4002 | D:5      | Found a glowing silver altar of Zin.
  4177 | D:5      | Became a worshipper of Warmaster Okawaru
  4217 | D:6      | Reached skill level 1 in Ranged Weapons
  4405 | D:6      | Found a staircase to the Ecumenical Temple.
  4456 | D:6      | Noticed a +0 spear
  4457 | D:6      | Noticed a +0 spear
  4457 | D:6      | Noticed a +0 short sword
  4458 | D:6      | Noticed a +0 falchion
  4458 | D:6      | Noticed a +0 short sword
  4476 | D:6      | Found a hide-covered altar of Uskayaw.
  4478 | D:6      | Noticed a +0 falchion
  4479 | D:6      | Noticed a +0 dagger
  4480 | D:6      | Noticed a +0 dagger
  4629 | D:6      | Found a sparkling altar of Nemelex Xobeh.
  5020 | D:7      | Noticed Maggie
  5022 | D:7      | Noticed Duvessa
  5022 | D:7      | Noticed Dowan
  5045 | D:7      | Reached * piety under Okawaru
  5067 | D:7      | Killed Duvessa
  5068 | D:7      | Reached skill level 5 in Ranged Weapons
  5073 | D:7      | Killed Dowan
  5352 | D:7      | Identified the +1 ring mail of Beogh, Rescuing {rF- Int+3
                  | Dex+3}
  5380 | D:7      | Reached XP level 9. HP: 63/72 MP: 9/9
  5386 | D:7      | Noticed Jeremiah
  5389 | D:7      | Killed Jeremiah
  5389 | D:7      | Reached ** piety under Okawaru
  5481 | D:7      | Found Duphori's Antique Armour Emporium.
  5489 | D:7      | Reached skill level 4 in Shields
  5503 | D:7      | Bought a pair of runed boots for 172 gold pieces
  5528 | D:7      | Found a shimmering blue altar of Sif Muna.
  5594 | D:7      | Reached skill level 5 in Shields
  5932 | D:7      | Found a sacrificial altar of Ru.
  5966 | D:7      | Killed Maggie
  5967 | D:7      | Reached skill level 6 in Shields
  6172 | D:8      | Noticed a sixfirhy
  6172 | D:8      | Found a runed translucent door.
  6192 | D:8      | Noticed a gargoyle
  6194 | D:8      | Killed a gargoyle
  6194 | D:8      | Reached *** piety under Okawaru
  6195 | D:8      | Reached skill level 7 in Shields
  6266 | D:8      | Reached skill level 8 in Shields
  6266 | D:8      | Reached XP level 10. HP: 76/79 MP: 10/10
  6320 | D:8      | Noticed a two-headed ogre
  6323 | D:8      | Killed a two-headed ogre
  6324 | D:8      | Reached skill level 9 in Shields
  7037 | D:9      | Reached **** piety under Okawaru
  7064 | D:9      | Reached skill level 10 in Shields
  7517 | D:9      | Found a staircase to the Orcish Mines.
  7524 | D:9      | Found a viscous altar of Jiyva.
  7738 | D:10     | Entered Level 10 of the Dungeon
  7931 | D:10     | Noticed a two-headed ogre
  7933 | D:10     | Killed a two-headed ogre
  7933 | D:10     | Reached ***** piety under Okawaru
  7934 | D:10     | Reached skill level 11 in Shields
  7978 | D:10     | Found a radiant altar of Vehumet.
  8103 | D:10     | Killed an unseen horror
  8104 | D:10     | Reached XP level 11. HP: 70/84 MP: 11/11
  8276 | D:11     | Noticed a cyclops
  8279 | D:11     | Noticed a two-headed ogre
  8281 | D:11     | Killed a cyclops
  8281 | D:11     | Received a gift from Okawaru
  8286 | D:11     | Killed a two-headed ogre
  8863 | D:11     | Found a staircase to the Lair.
  8895 | D:11     | Noticed a two-headed ogre
  8898 | D:11     | Killed a two-headed ogre
  8898 | D:11     | Received a gift from Okawaru
  8899 | D:11     | Reached skill level 12 in Shields
  8921 | D:11     | Reached skill level 5 in Armour
  9016 | D:11     | Noticed a two-headed ogre
  9021 | D:11     | Killed a two-headed ogre
  9352 | D:12     | Got the Elucidation of Evil and Formation
  9359 | D:12     | Noticed a cyclops
  9361 | D:12     | Killed a cyclops
  9361 | D:12     | Noticed a cyclops
  9367 | D:12     | Killed a cyclops
  9421 | D:12     | Noticed a boulder beetle
  9516 | D:12     | Noticed a boulder beetle
  9530 | D:12     | Killed a boulder beetle
  9530 | D:12     | Received a gift from Okawaru
  9698 | D:12     | Noticed a two-headed ogre
  9708 | D:12     | Killed a two-headed ogre
  9708 | D:12     | Reached ****** piety under Okawaru
  9709 | D:12     | Reached XP level 12. HP: 50/94 MP: 12/12
 10100 | D:12     | Acquired the +2 sling of Fitiafeta {drain, rF+}
 10100 | D:12     | Received a gift from Okawaru
 10102 | D:12     | Acquired the +10 plate armour of Beyond {rF+ rCorr Dex+3}
 10102 | D:12     | Received a gift from Okawaru
 10239 | D:12     | Noticed Nergalle
 10239 | D:12     | Noticed Nessos
 10271 | D:12     | Killed Nessos
 10272 | D:12     | Reached skill level 1 in Dodging
 10272 | D:12     | Reached skill level 13 in Shields
 10277 | D:12     | HP: 3/94 [spectral orc knight/+3 great sword[Nergalle]
                  | (12)]
 10286 | D:12     | Killed Nergalle
 10541 | D:12     | Noticed a two-headed ogre
 10544 | D:12     | Killed a two-headed ogre
 10655 | D:12     | Noticed a soul eater
 10672 | D:12     | Noticed a soul eater
 10672 | D:12     | Received a gift from Okawaru
 10757 | D:12     | Killed a boulder beetle
 11207 | Lair:1   | Entered Level 1 of the Lair of Beasts
 11278 | Lair:1   | Learned a level 2 spell: Blink
 11498 | Lair:1   | Received a gift from Okawaru
 12233 | Lair:2   | Reached skill level 14 in Shields
 12233 | Lair:2   | Reached XP level 13. HP: 89/102 MP: 13/13
 12665 | Lair:2   | Found a staircase to the Swamp.
 12823 | Lair:2   | Found a frozen archway.
 13107 | Lair:2   | Reached skill level 10 in Fighting
 13365 | Lair:2   | Reached skill level 10 in Ranged Weapons
 13384 | Lair:2   | Received a gift from Okawaru
 13604 | Lair:2   | Reached skill level 5 in Dodging
 13696 | Lair:3   | Noticed Fannar
 13700 | Lair:3   | Killed Fannar
 13926 | Lair:3   | Received a gift from Okawaru
 13930 | Lair:3   | Reached skill level 15 in Shields
 14243 | Lair:3   | Found a staircase to the Snake Pit.
 14756 | Lair:4   | Reached XP level 14. HP: 110/110 MP: 14/14
 14767 | Lair:4   | Found a staircase to the Slime Pits.
 14767 | Lair:4   | Found a viscous altar of Jiyva.
 14874 | Lair:4   | Received a gift from Okawaru
 15441 | Lair:4   | Learned a level 1 spell: Apportation
 15444 | Lair:4   | Learned a level 2 spell: Jinxbite
 15491 | Lair:5   | Entered Level 5 of the Lair of Beasts
 15900 | Lair:5   | Received a gift from Okawaru
 16480 | Lair:5   | Reached skill level 16 in Shields
 16498 | Lair:5   | Received a gift from Okawaru
 16689 | Lair:4   | Paralysed by a hornet for 3 turns
 17063 | Lair:5   | Received a gift from Okawaru
 17064 | Lair:5   | Reached skill level 1 in Invocations
 17280 | Lair:5   | Reached skill level 10 in Armour
 17328 | Lair:5   | Reached XP level 15. HP: 103/115 MP: 16/16
 17662 | Orc:1    | Entered Level 1 of the Orcish Mines
 17668 | Orc:1    | Noticed Erolcha
 17682 | Orc:1    | Killed Erolcha
 17701 | Orc:1    | Found Fiyv's Magic Scroll Shop.
 17730 | Orc:1    | Bought 2 scrolls of teleportation for 96 gold pieces
 17730 | Orc:1    | Bought a scroll of teleportation for 48 gold pieces
 17980 | Orc:1    | Found Waty's Self-Improvement Boutique.
 18016 | Orc:1    | Noticed Snorg
 18178 | Orc:1    | Noticed Harold
 18192 | Orc:1    | Killed Harold
 18232 | Orc:1    | Killed Snorg
 18376 | Orc:2    | Entered Level 2 of the Orcish Mines
 18405 | Orc:2    | Found a staircase to the Elven Halls.
 18510 | Orc:2    | Gained mutation: You are vulnerable to cold. (rC-) [a
                  | neqoxec]
 18530 | Orc:2    | Gained mutation: You are weak. (Str -2) [a neqoxec]
 19142 | Orc:2    | Received a gift from Okawaru
 19173 | Orc:2    | Found Tegokhlyn's Magic Scroll Boutique.
 19174 | Orc:2    | Found Guem Orch's Antique Weapon Shop.
 19174 | Orc:2    | Found Cacoydaf's Antique Armour Shop.
 19588 | Orc:2    | Reached skill level 17 in Shields
 19624 | Orc:2    | Found Lutailow's Antique Armour Boutique.
 19632 | Orc:2    | Bought a scroll of teleportation for 48 gold pieces
 19641 | Orc:2    | Bought a scroll of blinking for 120 gold pieces
 19641 | Orc:2    | Bought a scroll of blinking for 120 gold pieces
 19641 | Orc:2    | Bought a scroll of fog for 64 gold pieces
 19643 | Orc:2    | Bought a glowing helmet for 195 gold pieces
 19889 | D:13     | Found a gate leading to a gauntlet.
 19898 | Gauntlet | Entered a Gauntlet
 19898 | Gauntlet | Found a transporter.
 19898 | Gauntlet | Found a transporter.
 19917 | Gauntlet | Found a transporter.
 19921 | Gauntlet | Found a transporter.
 19931 | Gauntlet | Found a transporter.
 19935 | Gauntlet | Found a transporter.
 19937 | Gauntlet | Found a large runed translucent door.
 19938 | Gauntlet | Found a large runed translucent door.
 19939 | Gauntlet | Found a large runed translucent door.
 19939 | Gauntlet | Found a large runed translucent door.
 19939 | Gauntlet | Found a runed translucent door.
 19939 | Gauntlet | Found a runed translucent door.
 19940 | Gauntlet | Found a large runed translucent door.
 19941 | Gauntlet | Found a large runed translucent door.
 19942 | Gauntlet | Found a large runed translucent door.
 19942 | Gauntlet | Found a large runed translucent door.
 19943 | Gauntlet | Found a runed translucent gate.
 19943 | Gauntlet | Found a runed translucent gate.
 19943 | Gauntlet | Found a runed translucent gate.
 19945 | Gauntlet | Found a transporter.
 19954 | Gauntlet | Found a large runed translucent door.
 19954 | Gauntlet | Found a large runed translucent door.
 19955 | Gauntlet | Found a large runed translucent door.
 19956 | Gauntlet | Found a large runed translucent door.
 19966 | Gauntlet | Found a transporter.
 19983 | Gauntlet | Found a transporter.
 19987 | Gauntlet | Found a transporter.
 19997 | Gauntlet | Found a transporter.
 20001 | Gauntlet | Found a transporter.
 20097 | Gauntlet | Found a large runed translucent door.
 20098 | Gauntlet | Found a large runed translucent door.
 20103 | Gauntlet | Identified the -1 pair of boots "Weqif" {Rampage rC+
                  | Will++}
 20161 | Gauntlet | Identified the ring of Atheism {rCorr AC+4}
 20161 | Gauntlet | Identified the +0 long sword of Plunder {freeze, rC+}
 20848 | D:14     | Received a gift from Okawaru
 21158 | D:14     | Found the +9 staff of Olgreb {rPois∞}
 21326 | D:14     | Reached skill level 5 in Invocations
 21450 | D:14     | Received a gift from Okawaru
 21604 | D:14     | Identified the +6 scale mail of Wyaqeso {rC+}
 21762 | D:14     | Found a gate to the Vaults.
 21997 | D:14     | Reached XP level 16. HP: 122/122 MP: 20/20
 22024 | D:14     | Reached skill level 18 in Shields
 22140 | D:15     | Entered Level 15 of the Dungeon
 22141 | D:15     | Found Yvauz's Magic Scroll Shoppe.
 22146 | D:15     | Bought a scroll of fog for 76 gold pieces
 22146 | D:15     | Bought a scroll of teleportation for 57 gold pieces
 22216 | D:15     | Identified the +1 arbalest of Darkness {speed, +Blink rPois
                  | Int+3}
 22552 | D:15     | Found a staircase to the Depths.
 22563 | D:15     | Received a gift from Okawaru
 22990 | Swamp:1  | Entered Level 1 of the Swamp
 23781 | Swamp:1  | Noticed a tentacled monstrosity
 23802 | Swamp:1  | Killed a tentacled monstrosity
 23802 | Swamp:1  | Received a gift from Okawaru
 24629 | Swamp:2  | Received a gift from Okawaru
 24722 | Swamp:2  | Got the Vademecum on the Wild Jinx
 24980 | Swamp:3  | Noticed a thorn hunter
 25403 | Swamp:3  | Noticed a fenstrider witch
 25409 | Swamp:3  | Paralysed by a fenstrider witch for 4 turns
 25411 | Swamp:3  | Slain by a fenstrider witch

Illustrated notes

Levels and vault maps discovered:
D:1:      heliophobic_arrival_enchanted_forest, layout_rooms,
          dreamdust_ecumenical_altar_sealed_demon
D:2:      layout_basic, basic_altar, nicolae_half_adder
D:3:      layout_rooms
D:4:      layout_basic, serial_shops, nicolae_take_the_stairs
D:5:      layout_loops_ring, grunt_temple_overflow_diamond,
          mainiacjoe_overflow_catwalk, nicolae_ossuary_entry_giza,
          kennysheep_cluttered_room
D:6:      layout_rooms, mainiacjoe_overflow_alcove_4, nicolae_uskayaw_en_pointe,
          lemuel_temple_firewalk_a
D:7:      layout_cave_pods, led_sif_pool, nicolae_ru_sacrificial_ziggurat,
          serial_shops, shop, uniq_jeremiah, uniq_duvessa, uniq_maggie
D:8:      cheibrodos_shockbox, layout_gridville, fungi_pond_lemuel,
          minmay_misc_feat_more_columns
D:9:      layout_big_octagon, orc_0_dummy, jiyva_altar_1
D:10:     layout_rooms, vehumet_statue
D:11:     layout_loops_cross, minmay_lair_entry_grove
D:12:     layout_stronghold, uniq_nessos, uniq_nergalle
D:13:     layout_roguey, gauntlet_entry_generic
D:14:     layout_loops_ring, hangedman_vaults_entry_quadrant_bands,
          hangedman_parallel_progression
D:15:     grunt_enter_depths_giant_problem, layout_loops_ring, serial_shops,
          shop, chequers_serial_rivers_small_3, small_chamber_with_monster
Lair:1:   layout_long_grid, evilmike_ambush [evilmike_ambush_outer_basic,
          evilmike_ambush_inner_basic], grunt_megastairs_5
Lair:2:   layout_roguey, swamp_mist, portal_ice_cave_rime,
          cheibrodos_lair_caveside_slide, guppyfry_lair_drakes,
          grunt_megastairs_2, infiniplex_staircase_pool_2
Lair:3:   layout_gridlike, nicolae_snake_entry_warm_welcome,
          serial_bayou_lake_a, uniq_fannar
Lair:4:   layout_gridlike, slime_entry_1
Lair:5:   gammafunk_lair_ancient_temple, layout_long_grid,
          grunt_forest_large_clearings
Swamp:1:  cheibrodos_swamp_monstrosity, layout_basic_swamp,
          evilmike_swamp_ruin_house_2
Swamp:2:  layout_basic_swamp, nicolae_swamp_fairy_circle
Swamp:3:  layout_falls_marsh, evilmike_swamp_ruin_house_6,
          infiniplex_staircase_pool
Orc:1:    layout_caves, serial_shops, nicolae_shop_tiny_statue_garden,
          basic_altar, nicolae_shop_self_help, uniq_snorg, uniq_harold,
          uniq_erolcha
Orc:2:    st_orc_mages, layout_caves, special_room

Skill      XL: |  1  2  3  4  5  6  7  8  9 10 11 12 13 14 15 16 |
---------------+-------------------------------------------------+-----
Maces & Flails | 3 4 5 6 7 |  7.0
Fighting       | 4 6 7 8 9 10 11 | 11.0
Ranged Weapons | 6 7 8 9 10 11 12 14 | 14.4
Shields        | 8 11 12 14 15 16 17 18 | 18.5
Armour         | 5 7 8 10 | 10.0
Dodging        | 3 6 8 |  8.8
Invocations    | 1 6 8 |  8.0

Action                     |  1- 3 |  4- 6 |  7- 9 | 10-12 | 13-15 | 16-18 || total
---------------------------+-------+-------+-------+-------+-------+-------++-------
  Melee: Flail             |    81 |   120 |     5 |       |       |       ||   206
   Fire: Hand cannon       |       |    26 |   212 |   425 |  1122 |   346 ||  2131
 Invoke: Heroism           |       |       |       |     1 |    10 |     5 ||    16
         Receive Weapon    |       |       |       |     1 |       |       ||     1
         Receive Armour    |       |       |       |     1 |       |       ||     1
         Finesse           |       |       |       |       |     1 |       ||     1
  Evoke: Wand              |       |       |       |       |     1 |       ||     1
    Use: Scroll            |       |     9 |    14 |    12 |    14 |     8 ||    57
         Potion            |       |     1 |       |     3 |     3 |       ||     7
 Armour: Scale mail        |    80 |   106 |    60 |    75 |       |       ||   321
         Plate armour      |       |       |       |   389 |   752 |   233 ||  1374
  Dodge: Dodged            |    54 |    61 |    24 |   138 |   354 |    99 ||   730
  Block: Buckler           |    24 |    33 |    11 |    74 |       |       ||   142
         Kite shield       |       |       |       |   192 |   972 |   334 ||  1498
         Reflection        |       |       |       |       |    18 |    22 ||    40
